 Dungeon Crawl Stone Soup version 0.26.1-16-g4e020e15dc (webtiles) character file.

Game seed: 5551821459560925564

7844 Froggeryz the Basher (level 11, 0/119 HPs)
             Began as an Ogre Berserker on Mar 11, 2024.
             Was an Elder of Trog.
             Killed from afar by an orc wizard (9 damage)
             ... with a magic dart
             ... on level 10 of the Dungeon.
             The game lasted 00:11:50 (14809 turns).

Froggeryz the Basher (Ogre Berserker)              Turns: 14809, Time: 00:11:50

Health: 0/119      AC:  1    Str: 24    XL:     11   Next: 21%
Magic:  11/11      EV: 26    Int:  8    God:    Trog [****..]
Gold:   486        SH:  0    Dex: 10    Spells: 10/10 levels left

rFire    . . .     SeeInvis .   x - +5 flail (drain)
rCold    + . .     Faith    .   (no shield)
rNeg     . . .     Spirit   .   a - +2 robe {Will+}
rPois    .         Reflect  .   (helmet restricted)
rElec    .         Harm     .   (no cloak)
rCorr    .         Rampage  .   (gloves unavailable)
Will     ++...                  (boots unavailable)
Stlth    +.........             E - amulet of the acrobat
HPRegen  0.29/turn              k - ring of flight
MPRegen  0.12/turn              H - ring of protection from cold

@: about to teleport, corroded, acrobat
A: large, unfitting armour, tough skin 1
a: Renounce Religion, Evoke Flight, Berserk, Trog's Hand, Brothers in Arms


You were on level 10 of the Dungeon.
You worshipped Trog.
Trog was greatly pleased with you.
You visited 1 branch of the dungeon, and saw 10 of its levels.

You collected 536 gold pieces.
You spent 50 gold pieces at shops.

Inventory:

Hand Weapons
 b - a +0 whip of electrocution
 x - a +5 flail of draining (weapon)
 A - a +1 morningstar of draining
Missiles
 g - 36 poisoned darts (quivered)
 u - 6 boomerangs
 z - 15 curare-tipped darts
 G - 4 large rocks
Armour
 a - a +2 robe of willpower (worn)
 B - +0 acid dragon scales
Jewellery
 k - a ring of flight (left hand)
 E - an amulet of the acrobat (around neck)
 H - a ring of protection from cold (right hand)
Wands
 r - a wand of flame (5)
 D - a wand of iceblast (9)
 I - a wand of disintegration (17)
 J - a wand of paralysis (4)
Scrolls
 c - 3 scrolls of immolation
 d - 6 scrolls of remove curse
 f - 5 scrolls of teleportation
 i - 2 scrolls of enchant armour
 j - a scroll of enchant weapon
 p - 2 scrolls of fog
 q - a scroll of identify
 w - 2 scrolls of fear
 C - a scroll of blinking
 F - a scroll of magic mapping {unknown}
Potions
 e - 3 potions of heal wounds
 h - a potion of ambrosia {unknown}
 l - 5 potions of curing
 m - 3 potions of might
 n - 5 potions of attraction {unknown}
 o - 2 potions of flight {unknown}
 s - 2 potions of brilliance {unknown}
 t - 5 potions of lignification {unknown}
 v - a potion of resistance
Miscellaneous
 y - a condenser vane


   Skills:
 + Level 10.8 Fighting
 * Level 12.2 Maces & Flails
 + Level 5.4 Throwing
 - Level 5.1 Dodging


You had 10 spell levels left.
You didn't know any spells.
Your spell library contained the following spells:

 Spells                   Type           Power        Failure   Level
 Magic Dart               Conj           0%           41%         1
 Searing Ray              Conj           0%           54%         2
 Dazzling Flash           Conj/Hex       0%           78%         3
 Fulminant Prism          Conj/Hex       0%           99%         4
 Iskenderun's Mystic Bla  Conj/Tloc      0%           99%         4


Dungeon Overview and Level Annotations

Branches:
Dungeon (10/15)            Temple (0/1) D:7            Lair (0/6) D:10
    Orc: D:9-12

Altars:
Ashenzari
Fedhas
Kikubaaqudgha
Ru
Yredelemnul
Zin

Shops:
D:6 *


Innate Abilities, Weirdness & Mutations

You are too large for most types of armour.
You have tough skin. (AC +1)


Message History

You hit something. The warg misses you. Something hits you.
* * * LOW HITPOINT WARNING * * *
You sock the warg!
The warg is heavily wounded.
You hear a shout!
The warg bites you!
* * * LOW HITPOINT WARNING * * *
Something hits you.
* * * LOW HITPOINT WARNING * * *
As you read the scroll of teleportation, it crumbles to dust.
You feel strangely unstable. The warg bites you.
* * * LOW HITPOINT WARNING * * *
You hear some strange, mumbled words.
A magic dart appears from out of thin air!
The magic dart hits you.
* * * LOW HITPOINT WARNING * * *
The warg closely misses you.
A magic dart appears from out of thin air!
The magic dart hits you!
You die...

........#................
.......[......##........# #
).......[.....###.........#
.....††.......#.#.....#...#
....................###....
.....................#.....
......................(....
.......##)........h...#...
.......# ##.....@.{..## .
........ .......###o..#
......#......... .....# .
....... ......# . .......
..ooP..# . .......
.....)... ..........h......
#...... o>oo...


You could see a warg and an orc.

Vanquished Creatures
  Harold (D:7)
  A two-headed ogre (D:9)
  Pikel (D:6)
  A cyclops (D:10)
  Maggie (D:6)
  A troll (D:10)
  Prince Ribbit (D:7)
  Grinder (D:3)
  Sigmund (D:3)
  A wyvern (D:8)
  Edmund (D:6)
  Menkaure (D:6)
  A warg (D:10)
  A water moccasin (D:6)
  2 ice beasts
  2 sky beasts (D:5)
  2 black bears
  3 ogres
  4 phantoms
  8 centaurs
  A lemure (D:6)
  Blork the orc (D:6)
  2 gnoll sergeants
  9 bullfrogs
  5 scorpions
  A centaur zombie (D:7)
  2 bullfrog zombies
  A quasit (D:9)
  3 hounds
  5 jellies
  5 orc wizards
  An orc priest (D:10)
  2 bullfrog skeletons
  Natasha (thrice) (D:3)
  2 iguanas (D:7)
  3 worker ants
  A hound skeleton (D:3)
  Robin (D:3)
  2 worker ant zombies
  6 adders
  12 gnolls
  6 shadow imps
  2 white imps (D:9)
  An ufetubus (D:7)
  4 oozes
  An adder zombie (D:3)
  4 worms
  3 dart slugs
  6 leopard geckos
  22 orcs
  5 giant cockroaches
  17 goblins
  9 hobgoblins
  15 jackals
  8 kobolds
  5 quokkas
  A ball python (D:1)
  4 bats
  6 frilled lizards
  2 giant cockroach zombies
  3 leopard gecko skeletons
  A leopard gecko zombie (D:3)
  9 rats
237 creatures vanquished.

Vanquished Creatures (others)
  2 withered plants (D:3)
2 creatures vanquished.

Grand Total: 239 creatures vanquished

Notes
Turn   | Place    | Note
-------+----------+-------------------------------------------
     0 | D:1      | Froggeryz the Ogre Berserker began the quest for the Orb.
     0 | D:1      | Reached XP level 1. HP: 24/24 MP: 1/1
    20 | D:1      | Reached skill level 3 in Maces & Flails
    22 | D:1      | Reached XP level 2. HP: 26/32 MP: 2/2
   565 | D:1      | Reached XP level 3. HP: 39/39 MP: 3/3
  1204 | D:2      | Reached ** piety under Trog
  1205 | D:2      | Reached skill level 4 in Maces & Flails
  1366 | D:2      | Reached XP level 4. HP: 33/48 MP: 4/4
  1819 | D:2      | Found a faded altar of an unknown god.
  2269 | D:3      | Noticed Sigmund
  2278 | D:3      | Killed Sigmund
  2279 | D:3      | Reached skill level 5 in Maces & Flails
  2279 | D:3      | Reached XP level 5. HP: 46/54 MP: 5/5
  2279 | D:3      | Reached XP level 6. HP: 53/62 MP: 6/6
  2801 | D:3      | Noticed Grinder
  2813 | D:3      | HP: 4/93 [Grinder/puff of flame (7)]
  2818 | D:3      | Killed Grinder
  2819 | D:3      | Reached skill level 6 in Maces & Flails
  2819 | D:3      | Reached XP level 7. HP: 5/70 MP: 7/7
  3475 | D:3      | Found a sacrificial altar of Ru.
  3592 | D:3      | Noticed Robin
  3619 | D:3      | Reached *** piety under Trog
  3883 | D:3      | Killed Robin
  3964 | D:3      | Noticed Natasha
  3977 | D:3      | Killed Natasha
  4042 | D:3      | Noticed Natasha
  4052 | D:3      | Killed Natasha
  4132 | D:3      | Noticed Natasha
  4144 | D:3      | Killed Natasha
  4295 | D:3      | Found an ancient bone altar of Kikubaaqudgha.
  4615 | D:3      | Reached skill level 7 in Maces & Flails
  5314 | D:4      | Reached skill level 5 in Dodging
  5314 | D:4      | Reached XP level 8. HP: 46/78 MP: 8/8
  5947 | D:4      | HP: 3/78 [scorpion (4)]
  6331 | D:4      | Found a basalt altar of Yredelemnul.
  6331 | D:4      | Found a blossoming altar of Fedhas.
  6339 | D:4      | Found a glowing silver altar of Zin.
  6341 | D:4      | Found a faded altar of an unknown god.
  6343 | D:4      | Found a broken altar of Ashenzari.
  6456 | D:5      | Entered Level 5 of the Dungeon
  6737 | D:5      | Found the +7 sceptre of Torment {pain, torment}
  6979 | D:5      | Reached skill level 8 in Maces & Flails
  7440 | D:5      | Reached skill level 5 in Fighting
  8582 | D:6      | Noticed Edmund
  9142 | D:5      | Reached skill level 9 in Maces & Flails
  9142 | D:5      | Reached XP level 9. HP: 19/91 MP: 9/9
  9453 | D:6      | Killed Edmund
  9491 | D:6      | Reached **** piety under Trog
  9543 | D:6      | Noticed Blork the orc
  9552 | D:6      | Killed Blork the orc
  9636 | D:6      | Noticed Pikel
  9663 | D:6      | Killed Pikel
  9666 | D:6      | Noticed Menkaure
  9673 | D:6      | Killed Menkaure
  9674 | D:6      | Reached skill level 10 in Maces & Flails
  9952 | D:6      | Found Dirchei's General Store.
  9958 | D:6      | Bought 7 curare-tipped darts for 50 gold pieces
 10171 | D:6      | Noticed Maggie
 10181 | D:6      | Killed Maggie
 10182 | D:6      | Reached skill level 1 in Throwing
 10391 | D:7      | Noticed Prince Ribbit
 10396 | D:7      | Found a staircase to the Ecumenical Temple.
 10403 | D:7      | Killed Prince Ribbit
 10602 | D:7      | Reached XP level 10. HP: 84/106 MP: 10/10
 10694 | D:7      | Noticed Harold
 10702 | D:7      | Killed Harold
 10703 | D:7      | Reached skill level 11 in Maces & Flails
 13146 | D:9      | Reached skill level 10 in Fighting
 13791 | D:9      | Noticed a two-headed ogre
 13806 | D:9      | Killed a two-headed ogre
 13807 | D:9      | Reached skill level 12 in Maces & Flails
 13807 | D:9      | Reached XP level 11. HP: 81/119 MP: 11/11
 14062 | D:9      | Reached skill level 5 in Throwing
 14255 | D:10     | Entered Level 10 of the Dungeon
 14579 | D:10     | Noticed a cyclops
 14596 | D:10     | Killed a cyclops
 14792 | D:10     | Found a staircase to the Lair.
 14809 | D:10     | Killed from afar by an orc wizard

Illustrated notes

Levels and vault maps discovered:
D:1:      lemuel_arrival_lava_pool, layout_basic, minmay_cupped
D:2:      layout_loops_ring, chequers_ecumenical_altar_island
D:3:      layout_basic, kiku_gazebo_garden_becter, serial_undead,
          serial_undead_c, serial_undead_d, serial_undead_a, serial_undead_e,
          serial_undead_b, serial_undead_b, serial_undead_f, serial_undead_d,
          nicolae_ru_awakened_eye, uniq_natasha, uniq_robin, uniq_grinder,
          uniq_sigmund
D:4:      layout_rooms, chequers_temple_overflow_minitemple
D:5:      layout_basic, kennysheep_boxes
D:6:      layout_basic, serial_shops, shop_statue, hangedman_decor_lopped,
          uniq_blork_the_orc, uniq_pikel, uniq_menkaure, uniq_maggie,
          uniq_edmund
D:7:      layout_loops_ring, minmay_temple_entry_waves, uniq_prince_ribbit1,
          uniq_harold
D:8:      layout_cave_pods
D:9:      layout_loops_ring
D:10:     layout_cave_pools, erik_lair_orcish_takeover

Skill      XL: |  1  2  3  4  5  6  7  8  9 10 11 |
---------------+----------------------------------+-----
Maces & Flails | 3 4 5 6 7 9 10 12 | 12.2
Dodging        | 3 4 5 |  5.1
Fighting       | 6 8 10 | 10.8
Throwing       | 2 4 5 |  5.4

Action                   |  1- 3 |  4- 6 |  7- 9 | 10-12 || total
-------------------------+-------+-------+-------+-------++-------
Melee: Mace              |   110 |   101 |   423 |       ||   634
       Flail             |       |       |    72 |   219 ||   291
       Whip              |       |       |       |    12 ||    12
Throw: Dart              |       |       |     2 |       ||     2
Invok: Berserk           |     1 |     2 |     9 |     3 ||    15
       Trog's Hand       |       |     2 |     1 |     2 ||     5
Evoke: Wand              |       |       |     1 |       ||     1
  Use: Scroll            |     4 |       |     5 |    10 ||    19
       Potion            |     1 |       |     2 |       ||     3
Armor: Animal skin       |    53 |    28 |    74 |       ||   155
       Robe              |       |       |     9 |    43 ||    52
Dodge: Dodged            |    90 |    59 |   276 |   138 ||   563
